 Dungeon Crawl Stone Soup version 0.30-a0-358-g0d69a1922f (webtiles) character file.

Game seed: 16623464152388454974

18776 durneh the Bludgeoner (level 13, -13/85 HPs)
             Began as a Meteoran Wanderer on Nov 10, 2022.
             Was a High Priest of Hepliaklqana.
             Killed from afar by an ice dragon (45 damage)
             ... with a blast of cold
             ... in an ice cave.
             The game lasted 00:53:11 (7049 turns).

durneh the Bludgeoner (Meteoran Wanderer)           Turns: 7049, Time: 00:53:12

Health: -13/85     AC:  9    Str: 22    XL:     13   Next: 26%
Magic:  9/28       EV: 19    Int: 17    God:    Hepliaklqana [*****.]
Gold:   613        SH:  0    Dex: 20    Spells: 28/32 levels left

rFire   + . .      SeeInvis +    l - +11 mace of World Downfall {vorpal, rPois Dex+3 SInv}
rCold   . . .      Faith    .    (no shield)
rNeg    . . .      Spirit   .    D - +0 steam dragon scales
rPois   +          Reflect  .    b - +0 helmet
rElec   .          Harm     .    w - +0 cloak
rCorr   .          Rampage  .    y - +0 pair of gloves {Str+3}
Will    +....                    r - +0 pair of boots
Stlth   +.........               G - amulet of regeneration
HPRegen 1.14/turn                u - +6 ring of intelligence
MPRegen 0.21/turn                O - ring of protection from fire

@: hasted, glowing, very quick
A: reduced essence, sense surroundings 2, otherworldly, glowing, explore regen
a: Renounce Religion, Recall Ancestor, Ancestor Identity, Transference, Idealise


You were in an ice cave.
You worshipped Hepliaklqana.
Hepliaklqana was extremely pleased with you.
You visited 1 branch of the dungeon, and saw 12 of its levels.
You also visited: Ice Cave.

You collected 613 gold pieces.

Inventory:

Hand Weapons
 e - the +5 dagger "Todih" {vamp, rPois Stlth+}
   (You found it on level 8 of the Dungeon)

   It occasionally heals its wielder for a portion of the damage dealt when it
   wounds a living foe.
   rPois:     It protects you from poison.
   Stlth:     It makes you more stealthy.
 g - a +2 dagger of speed
 l - the +11 mace of World Downfall (weapon) {vorpal, rPois Dex+3 SInv}
   (You took it off a hobgoblin on level 2 of the Dungeon)

   It inflicts extra damage upon your enemies.
   Dex:       It affects your dexterity (+3).
   rPois:     It protects you from poison.
   SInv:      It lets you see invisible.
Missiles
 N - 9 throwing nets
Armour
 b - a +0 helmet (worn)
 p - a +2 leather armour of cold resistance
 r - a +0 pair of boots (worn)
 w - a +0 cloak (worn)
 y - a +0 pair of gloves of strength (worn)
 D - +0 steam dragon scales (worn)
 Q - +0 acid dragon scales
 W - the +0 cloak of Gallantry {rF+++ Int-3 Dex-4 SInv}
   (You found it on level 9 of the Dungeon)

   Int:       It affects your intelligence (-3).
   Dex:       It affects your dexterity (-4).
   rF:        It renders you almost immune to fire.
   SInv:      It lets you see invisible.
Magical Staves
 i - a staff of fire
 Y - a staff of cold
Jewellery
 u - a +6 ring of intelligence (left hand)
 G - an amulet of regeneration (around neck)
 I - an amulet of the acrobat
 O - a ring of protection from fire (right hand)
 P - a +6 ring of intelligence
 X - the ring "Tamoh" {Ice rElec rCorr Int+4 Slay-5}
   (You found it on level 10 of the Dungeon)

   [ring of ice]

   It enhances your ice magic.
   Int:       It affects your intelligence (+4).
   Slay:      It affects your accuracy & damage with ranged weapons and melee
   (-5).
   rF:        It makes you vulnerable to fire.
   rC:        It protects you from cold.
   rElec:     It insulates you from electricity.
   rCorr:     It protects you from acid and corrosion.
Wands
 n - a wand of paralysis (11)
 A - a wand of polymorph (25)
 B - a wand of digging (8)
 H - a wand of flame (49)
 L - a wand of roots (10)
Scrolls
 a - a scroll of noise {unknown}
 c - 2 scrolls of teleportation
 j - 3 scrolls of butterflies
 q - 3 scrolls of poison
 s - 2 scrolls of enchant weapon
 v - a scroll of silence
 x - 2 scrolls of magic mapping
 J - a scroll of fear
 K - 4 scrolls of vulnerability
 R - a scroll of amnesia {unknown}
 V - a scroll of enchant armour {unknown}
 Z - 2 scrolls of immolation {unknown}
Potions
 f - 3 potions of haste
 k - a potion of lignification {unknown}
 m - 7 potions of heal wounds
 o - a potion of ambrosia {unknown}
 t - 2 potions of mutation
 z - 2 potions of invisibility {unknown}
 C - a potion of might {unknown}
 E - 4 potions of brilliance {unknown}
 F - 4 potions of curing
 M - 4 potions of flight {unknown}
 S - a potion of berserk rage {unknown}
 T - a potion of resistance {unknown}
 U - 2 potions of attraction {unknown}


   Skills:
 + Level 8.7 Fighting
 + Level 15.2 Maces & Flails
 + Level 1.8 Armour
 + Level 9.9 Dodging
 + Level 1.0 Stealth
 + Level 10.3 Spellcasting
 * Level 6.0 Conjurations
 - Level 9.0 Transmutations
 - Level 3.4 Earth Magic
 + Level 4.7 Invocations


You had 28 spell levels left.
You knew the following spells:

 Your Spells              Type           Power      Damage    Failure   Level
a - Sting                 Tmut/Pois      96%        1d7       1%          1
b - Stone Arrow           Conj/Erth      48%        3d10      3%          3

Your spell library contained the following spells:

 Spells                   Type           Power      Damage    Failure   Level
 Passwall                 Tmut/Erth      25%        N/A       1%          2
 Spider Form              Tmut/Pois      24%        N/A       3%          3
 Petrify                  Tmut/Erth      30%        N/A       6%          4
 Mephitic Cloud           Conj/Pois/Air  15%        N/A       11%         3
 Cigotuvi's Dreadful Rot  Necr/Pois/Air  16%        N/A       12%         2
 Ensorcelled Hibernation  Hex/Ice        16%        N/A       12%         2
 Poisonous Vapours        Pois/Air       16%        N/A       12%         2
 Swiftness                Air            8%         N/A       24%         3
 Flame Wave               Conj/Fire      18%        2d7       24%         4
 Fireball                 Conj/Fire      9%         3d6       54%         5
 Cause Fear               Hex            4%         N/A       63%         4
 Statue Form              Tmut/Erth      20%        N/A       67%         6
 Dragon Form              Tmut           19%        N/A       86%         7
 Metabolic Englaciation   Hex/Ice        4%         N/A       92%         5
 Dragon's Call            Summ           4%         N/A       100%        9


Dungeon Overview and Level Annotations

Branches:
Dungeon (12/15) Zot: 552   Temple (0/1) D:5            Lair (0/5) D:9
    Orc (0/2) D:12          IceCv (1/1) Zot: 486

Altars:
Ashenzari
Cheibriados
Fedhas
Hepliaklqana
Makhleb
Qazlal
Uskayaw
Wu Jian
Yredelemnul
Zin

Shops:
D:1 *   D:3 (   D:7 =

Annotations:
D:5 1 transporter, Darkkill's ghost, novice MiHu
D:6 1 runed translucent door IceCv exclusion: ice statue


Innate Abilities, Weirdness & Mutations

Your life essence is reduced to manifest your ancestor. (-10% HP)
You passively map the area around you.
You are easily found by Zot.
You glow in the dark.
You regain HP and MP as you explore.


Message History

Confirm with . or Enter, or press ? or * to list all spells.
Aiming: Stone Arrow (mildly dangerous; 3% risk of failure)
Press: ? - help, Shift-Dir - straight line, f/p - rime drake
Aim: a rime drake (severely wounded, 64% to hit)
The stone arrow hits the rime drake!!
You kill the rime drake!
The ice encasing you melts away.
The steam dragon simulacrum bites Friðuswiþ but does no damage.
The steam dragon simulacrum claws Friðuswiþ but does no damage.
The ice dragon breathes frost at you.
The blast of cold hits Friðuswiþ!!
Friðuswiþ resists.
The blast of cold hits you!!
Friðuswiþ gestures at the ice dragon while chanting.
The stone arrow misses the ice dragon.
Your Stealth skill increases to level 1!
Your Conjurations skill increases to level 6!
Casting: Stone Arrow (mildly dangerous; 3% risk of failure)
Confirm with . or Enter, or press ? or * to list all spells.
Aiming: Stone Arrow (mildly dangerous; 3% risk of failure)
Press: ? - help, Shift-Dir - straight line, f - lindwurm simulacrum
Aim: a lindwurm simulacrum (100% to hit)
The stone arrow hits the lindwurm simulacrum!
The lindwurm simulacrum is moderately damaged.
The steam dragon simulacrum bites Friðuswiþ but does no damage.
The steam dragon simulacrum claws Friðuswiþ but does no damage.
The ice dragon bites Friðuswiþ!
The ice dragon claws Friðuswiþ.
Friðuswiþ is destroyed!
You sock the lindwurm simulacrum!
The lindwurm simulacrum is severely damaged.
You feel yourself speed up. The lindwurm simulacrum bites you!
The lindwurm simulacrum freezes you!
The lindwurm simulacrum claws you but does no damage.
The lindwurm simulacrum closely misses you.
The ice dragon breathes frost at you.
The blast of cold hits the lindwurm simulacrum.
The lindwurm simulacrum completely resists.
The blast of cold hits you!!!
Ouch! That really hurt!
You die...

######## **
#.DZ@..####
#....Z#......##
..... ##.##...#
* , ....
###..##### ,,
... #.##...# *
$. ,,,,
#....#.## # ,,,
* ##.###..## *
* * ###
##..####
##....###


You could see an ice dragon (catching breath), a lindwurm simulacrum and a steam
dragon simulacrum.

Vanquished Creatures
  Fannar (D:10)
  3 two-headed ogres
  The ghost of baller8008 the Cleaver, a novice AtFi (D:8)
  2 skeletal warriors (D:11)
  Pikel (D:7)
  An ice statue (IceCv)
  2 rime drakes (IceCv)
  A troll (D:11)
  A hornet (D:8)
  Prince Ribbit (D:6)
  17 yaks
  A vampire (D:10)
  2 steam dragons
  2 vampire mosquitoes (D:11)
  2 water moccasins (D:9)
  Duvessa (D:7)
  3 orc warriors
  A black bear (D:6)
  An ice beast (D:4)
  2 ogres
  A centaur (D:9)
  3 phantoms
  A lemure (D:7)
  A bullfrog (D:7)
  A gnoll sergeant (D:11)
  4 necrophages
  3 wights (D:9)
  Dowan (D:7)
  13 killer bees
  5 howler monkeys
  A komodo dragon simulacrum (IceCv)
  4 hounds
  2 orc priests (D:12)
  2 iguanas
  3 orc wizards
  Robin (D:4)
  18 gnolls
  6 adders
  11 white imps
  2 ufetubi
  4 steam dragon simulacra (IceCv)
  3 worms
  16 orcs
  6 endoplasms
  3 giant cockroaches
  15 goblins
  13 hobgoblins
  4 jackals (D:7)
  5 kobolds
  A quokka (D:1)
  6 ball pythons
  5 bats
  2 frilled lizards
  5 rats
217 creatures vanquished.

Vanquished Creatures (collateral kills)
  A skeletal warrior (D:11)
  A manticore (D:12)
  2 cyclopes (D:11)
  Maurice (D:11)
  Maggie (D:6)
  A rime drake (IceCv)
  A kobold demonologist (D:11)
  A wyvern (D:9)
  2 basilisks (D:9)
  9 yaks (D:9)
  Menkaure (D:7)
  An acid dragon (D:11)
  2 water moccasins
  A sky beast (D:7)
  An ogre (D:6)
  A centaur (D:8)
  2 kobold brigands
  2 bullfrogs (D:7)
  3 gnoll sergeants (D:7)
  2 scorpions
  A wight (D:9)
  3 killer bees
  2 lindwurm simulacra (IceCv)
  2 komodo dragon simulacra (IceCv)
  3 hounds
  An orc priest (D:6)
  3 gnoll boudas
  An iguana (D:7)
  An orc wizard (D:10)
  13 gnolls
  An acid dragon simulacrum (IceCv)
  An adder (D:6)
  4 white imps
  3 steam dragon simulacra (IceCv)
  4 orcs
  4 jackals (D:7)
  4 kobolds
87 creatures vanquished.

Vanquished Creatures (others)
  5 battlemagi
  4 bushes (D:9)
  4 fungi (D:9)
  25 plants
38 creatures vanquished.

Grand Total: 342 creatures vanquished

Notes
Turn   | Place    | Note
-------+----------+-------------------------------------------
     0 | D:1      | durneh the Meteoran Wanderer began the quest for the Orb.
     0 | D:1      | durneh set off with the following items: a +2 mace, a +0
                  | helmet, a scroll of teleportation, a +0 leather armour; and
                  | the following spell memorised: Sting; and the following
                  | spells available to memorise: Spider Form.
     0 | D:1      | Reached XP level 1. HP: 14/14 MP: 5/5
    57 | D:1      | Reached XP level 2. HP: 20/20 MP: 2/6
   416 | D:1      | Reached XP level 3. HP: 22/26 MP: 5/8
   416 | D:1      | Found Wyvo's General Store.
   498 | D:1      | Glimpsed the power of Zot.
   548 | D:1      | Glimpsed the power of Zot.
   588 | D:1      | Glimpsed the power of Zot.
   652 | D:2      | Identified the +11 mace of World Downfall {vorpal, rPois
                  | Dex+3 SInv}
   658 | D:2      | HP: 1/26 [hobgoblin (1)]
   768 | D:2      | Reached XP level 4. HP: 33/33 MP: 8/10
  1154 | D:3      | Noticed a moth of wrath
  1159 | D:3      | Reached skill level 7 in Maces & Flails
  1160 | D:3      | Noticed a necrophage
  1171 | D:3      | Killed a necrophage
  1172 | D:3      | Reached XP level 5. HP: 38/39 MP: 9/11
  1190 | D:3      | Found Lenuodghu's Weapon Shop.
  1210 | D:3      | Found a hazy altar of Hepliaklqana.
  1211 | D:3      | Found a snail-covered altar of Cheibriados.
  1211 | D:3      | Found a broken altar of Ashenzari.
  1226 | D:3      | Noticed a phantom
  1237 | D:3      | Became a worshipper of Hepliaklqana the Forgotten
  1244 | D:3      | Reached skill level 1 in Fighting
  1348 | D:3      | Reached XP level 6. HP: 47/47 MP: 13/13
  1435 | D:3      | Found an ornate altar of the Wu Jian Council.
  1695 | D:3      | Glimpsed the power of Zot.
  1745 | D:3      | Glimpsed the power of Zot.
  1782 | D:4      | Noticed Robin
  1795 | D:4      | Killed Robin
  1800 | D:4      | Reached skill level 8 in Maces & Flails
  1807 | D:4      | Noticed an ice beast
  1989 | D:4      | Reached XP level 7. HP: 55/55 MP: 14/14
  2295 | D:4      | Glimpsed the power of Zot.
  2346 | D:4      | Glimpsed the power of Zot.
  2369 | D:5      | Entered Level 5 of the Dungeon
  2398 | D:5      | Found a staircase to the Ecumenical Temple.
  2443 | D:5      | Reached skill level 5 in Spellcasting
  2443 | D:5      | Reached XP level 8. HP: 33/62 MP: 16/16
  2644 | D:5      | Found a transporter.
  2644 | D:5      | Noticed Darkkill's ghost (novice MiHu)
  2647 | D:5      | Reached * piety under Hepliaklqana
  2716 | D:5      | Found a glowing silver altar of Zin.
  2808 | D:5      | Reached skill level 9 in Maces & Flails
  2897 | D:5      | Glimpsed the power of Zot.
  2947 | D:5      | Glimpsed the power of Zot.
  2987 | D:5      | Glimpsed the power of Zot.
  2997 | D:5      | Touched by the power of Zot.
  3056 | D:6      | Reached skill level 5 in Transmutations
  3230 | D:6      | Noticed Prince Ribbit
  3249 | D:6      | Killed Prince Ribbit
  3256 | D:6      | Found a runed translucent door.
  3256 | D:6      | Noticed a human
  3261 | D:6      | Found a basalt altar of Yredelemnul.
  3315 | D:6      | Gained mutation: You passively map the area around you.
                  | [Meteoran growth]
  3315 | D:6      | Reached XP level 9. HP: 52/52 MP: 18/18
  3413 | D:6      | Reached skill level 10 in Maces & Flails
  3413 | D:6      | Reached skill level 5 in Dodging
  3438 | D:6      | Reached ** piety under Hepliaklqana
  3439 | D:6      | Remembered your ancestor Friðuswiþ as a battlemage
  3516 | D:6      | Noticed Maggie
  3526 | D:6      | Killed Maggie
  3703 | D:6      | Glimpsed the power of Zot.
  3753 | D:6      | Glimpsed the power of Zot.
  3793 | D:6      | Glimpsed the power of Zot.
  3796 | D:7      | Noticed Duvessa
  3804 | D:7      | Killed Duvessa
  3804 | D:7      | Noticed Dowan
  3805 | D:7      | Reached skill level 11 in Maces & Flails
  3808 | D:7      | Noticed Pikel
  3814 | D:7      | Killed Dowan
  3822 | D:7      | Killed Pikel
  3823 | D:7      | Reached skill level 5 in Fighting
  3823 | D:7      | Reached XP level 10. HP: 23/61 MP: 19/21
  3898 | D:7      | Reached skill level 12 in Maces & Flails
  3936 | D:7      | Noticed Menkaure
  3946 | D:7      | Killed Menkaure
  4076 | D:7      | Found Foblop's Jewellery Shoppe.
  4324 | D:7      | Glimpsed the power of Zot.
  4374 | D:7      | Glimpsed the power of Zot.
  4402 | D:8      | Identified the +5 dagger "Todih" {vamp, rPois Stlth+}
  4467 | D:8      | Reached *** piety under Hepliaklqana
  4472 | D:8      | Reached XP level 11. HP: 67/67 MP: 23/23
  4522 | D:8      | Reached skill level 13 in Maces & Flails
  4538 | D:8      | Noticed baller8008's ghost (novice AtFi)
  4542 | D:8      | Found a runed translucent door.
  4565 | D:8      | Killed baller8008's ghost
  4685 | D:8      | Found a blossoming altar of Fedhas.
  5108 | D:9      | Reached skill level 14 in Maces & Flails
  5167 | D:9      | Found a hide-covered altar of Uskayaw.
  5268 | D:9      | Identified the +0 cloak of Gallantry {rF+++ Int-3 Dex-4
                  | SInv}
  5360 | D:9      | Reached **** piety under Hepliaklqana
  5397 | D:9      | Reached XP level 12. HP: 69/77 MP: 26/26
  5408 | D:9      | Reached skill level 1 in Invocations
  5412 | D:9      | Found a staircase to the Lair.
  5439 | D:10     | Entered Level 10 of the Dungeon
  5568 | D:10     | Got the Dissertation on the Burning Boulder
  5573 | D:10     | Learned a level 3 spell: Stone Arrow
  5575 | D:10     | Identified the +4 hand axe of Success {freeze, rElec rC-
                  | Str+5}
  5590 | D:10     | Found a stormy altar of Qazlal.
  5593 | D:10     | Found a burning altar of Makhleb.
  5662 | D:10     | Identified the ring "Tamoh" {Ice rElec rCorr Int+4 Slay-5}
  5684 | D:10     | Noticed Fannar
  5708 | D:10     | Killed Fannar
  5709 | D:10     | Reached skill level 1 in Conjurations
  5709 | D:10     | Reached skill level 1 in Earth Magic
  6104 | D:11     | Noticed a skeletal warrior
  6104 | D:11     | Noticed a skeletal warrior
  6146 | D:11     | Noticed a two-headed ogre
  6148 | D:11     | Noticed Maurice
  6154 | D:11     | Noticed a skeletal warrior
  6245 | D:11     | Noticed a two-headed ogre
  6255 | D:11     | Killed a two-headed ogre
  6365 | D:11     | Killed Maurice
  6430 | D:11     | Killed a two-headed ogre
  6431 | D:11     | Reached skill level 15 in Maces & Flails
  6455 | D:11     | Reached skill level 10 in Spellcasting
  6460 | D:11     | Identified the +0 ring mail of Recklessness {*Corrode
                  | Str+5}
  6465 | D:11     | Killed a skeletal warrior
  6550 | D:11     | Killed a skeletal warrior
  6551 | D:11     | Reached skill level 5 in Conjurations
  6551 | D:11     | Reached XP level 13. HP: 72/85 MP: 25/28
  6741 | D:12     | Noticed a two-headed ogre
  6741 | D:12     | Found a staircase to the Orcish Mines.
  6748 | D:12     | Killed a two-headed ogre
  6778 | D:12     | Reached ***** piety under Hepliaklqana
  6816 | D:12     | Reached skill level 1 in Armour
  6904 | D:12     | Found a frozen archway.
  6929 | IceCv    | Entered an ice cave
  7039 | IceCv    | Noticed an ice dragon
  7047 | IceCv    | Reached skill level 1 in Stealth
  7049 | IceCv    | Killed from afar by an ice dragon

Illustrated notes

Levels and vault maps discovered:
D:1:      lightli_arrival_quake, layout_loops_ring, serial_shops,
          nicolae_square_shop, hangedman_decor_diamond_cutter,
          nicolae_concentric_dashed_squares_mild,
          amcnicky_mini_corridor_feature, minmay_door_square
D:2:      layout_rooms, minmay_misc_feat_alley
D:3:      layout_basic, pdpol_wu_jian_five_deadly_venoms,
          chequers_temple_overflow_statue_of_worship, tgw_trog, serial_shops,
          nicolae_shop_bloodbath_and_beyond, grunt_decor_cap
D:4:      layout_basic, uniq_robin
D:5:      cheibrodos_iron_armory, layout_basic, zin_statuary, temple_statues,
          gammafunk_ghost_smash
D:6:      layout_basic, dk_yredelemnul_ordeal, uniq_prince_ribbit1, uniq_maggie
D:7:      cheibrodos_two_vegetables, layout_cave_pools, serial_gnoll_camp,
          gnoll_camp_mini_shop, gnoll_camp_mini_doghouse, gnoll_camp_huts_basic,
          gnoll_camp_mini_hut, gnoll_camp_medium_02, hangedman_decor_push,
          grunt_ministairs_11, dk_noncrumbling_3, kennysheep_small_circle,
          uniq_duvessa, uniq_menkaure, uniq_crazy_yiuf_cottage, uniq_pikel
D:8:      layout_rooms, lemuel_doored_altar, hellmonk_ghost_happy_afterlife,
          eino_jars
D:9:      layout_irregular_city, mainiacjoe_overflow_alcove_4,
          minmay_lair_entry_grove
D:10:     layout_roguey, grunt_temple_overflow_open,
          wad_floor_pattern_untrapped, uniq_fannar
D:11:     layout_cave_pools, uniq_maurice
D:12:     layout_gridville, orc_0_dummy, portal_ice_cave_entry_imps
IceCv:    ice_cave_small_dragons

Skill      XL: |  1  2  3  4  5  6  7  8  9 10 11 12 13 |
---------------+----------------------------------------+-----
Spellcasting   | 3 4 5 6 7 9 10 | 10.3
Dodging        | 2 3 4 6 7 8 9 |  9.9
Transmutations | 3 4 5 6 7 8 9 |  9.0
Maces & Flails | 7 8 9 11 12 14 15 | 15.2
Fighting       | 1 2 3 5 6 7 8 |  8.7
Invocations    | 4 |  4.7
Conjurations   | 5 6 |  6.0
Earth Magic    | 3 |  3.4
Armour         | 1 |  1.8
Stealth        | 1 |  1.0

Action                   |  1- 3 |  4- 6 |  7- 9 | 10-12 | 13-15 || total
-------------------------+-------+-------+-------+-------+-------++-------
Melee: Mace              |    41 |    68 |   135 |   275 |    61 ||   580
       Punch             |       |     1 |     1 |     7 |     1 ||    10
 Cast: Sting             |    19 |     7 |     4 |     3 |       ||    33
       Stone Arrow       |       |       |       |     9 |    10 ||    19
Invok: Ancestor Life: Ba |       |       |     1 |       |       ||     1
       Recall Ancestor   |       |       |       |     1 |       ||     1
Evoke: Wand              |       |       |       |       |     1 ||     1
  Use: Scroll            |       |     1 |       |    17 |       ||    18
       Potion            |       |       |       |       |     1 ||     1
 Stab: Distracted        |       |       |     2 |     2 |     1 ||     5
Armor: Leather armour    |     8 |    18 |    38 |     1 |       ||    65
       Steam dragon scal |       |       |     9 |    69 |    14 ||    92
Dodge: Dodged            |    16 |    44 |    59 |   173 |    40 ||   332

Table legend: (Time is in decaauts)
 A = Elapsed time spent in this place.
 B = Non-inter-level travel time spent in this place.
 C = Inter-level travel time spent in this place.
 D = Time resting spent in this place.
 E = Time spent auto-exploring this place.
 F = Levels seen in this place.
 G = Mean time per level.
                   A        B        C        D        E       F      G
               +--------+--------+--------+--------+--------+-----+--------+
         Total |   6960 |   5915 |   1045 |      0 |   3990 |  13 |  535.4 |
       Dungeon |   6847 |   5802 |   1045 |      0 |   3990 |  12 |  570.6 |
      Ice Cave |    112 |    112 |      0 |      0 |      0 |   1 |  112.0 |
               +--------+--------+--------+--------+--------+-----+--------+

Top non-repeatable levels by time:
     D:3: 750 daAuts
     D:6: 744 daAuts
    D:10: 685 daAuts
     D:5: 673 daAuts
     D:1: 598 daAuts
    D:11: 595 daAuts
     D:7: 575 daAuts
     D:4: 557 daAuts
     D:9: 524 daAuts
     D:8: 496 daAuts
     D:2: 465 daAuts
    D:12: 179 daAuts
   IceCv: 112 daAuts
